 Dungeon Crawl Stone Soup version 0.31-a0-1-g4198be8af4 (webtiles) character file.

Game seed: 4347689844470181398

634 Kranky the Thaumaturge (level 7, -1/51 HPs)
             Began as a Gnoll Wanderer on Apr 30, 2023.
             Killed from afar by an orc wizard (12 damage)
             ... with a puff of flame
             ... on level 5 of the Dungeon.
             The game lasted 00:09:25 (3828 turns).

Kranky the Thaumaturge (Gnoll Wanderer)             Turns: 3828, Time: 00:09:28

Health: -1/51      AC:  8    Str: 13    XL:     7   Next: 49%
Magic:  20/20      EV: 11    Int: 12    God:
Gold:   311        SH:  0    Dex: 11    Spells: 25/25 levels left

rFire   x . .        y - +9 hammer "Poti" {freeze, rCorr}
rCold   + . .        (no shield)
rNeg    + . .        m - +0 scale mail
rPois   .            d - +0 helmet
rElec   .            z - +0 cloak
rCorr   +            (no gloves)
SInv    .            (no boots)
Will    .....        (no amulet)
Stlth   +            e - ring of ice
HPRegen 0.28/turn    w - ring of positive energy
MPRegen 0.17/turn

%: no passive effects
@: no status effects
A: fangs 1, strong nose, distributed training
a: no special abilities


You were on level 5 of the Dungeon.
You visited 1 branch of the dungeon, and saw 5 of its levels.

You collected 311 gold pieces.

Inventory:

Hand Weapons
 a - a +0 club
 l - a +0 short sword
 y - the +9 hammer "Poti" (weapon) {freeze, rCorr}
   (You found it on level 3 of the Dungeon)

   rCorr:     It protects you from acid and corrosion.
Missiles
 g - 3 poisoned darts (quivered)
Armour
 c - a +0 robe
 d - a +0 helmet (worn)
 m - a +0 scale mail (worn)
 z - a +0 cloak (worn)
Magical Staves
 h - a staff of poison
Jewellery
 e - a ring of ice (left hand)
 u - an amulet of faith
 w - a ring of positive energy (right hand)
 D - a +6 ring of strength
Scrolls
 b - a scroll of blinking
 f - a scroll of vulnerability {unknown}
 i - 2 scrolls of poison {unknown}
 n - 3 scrolls of noise {unknown}
 o - 2 scrolls of enchant armour {unknown}
 q - a scroll of amnesia {unknown}
 r - 5 scrolls of identify {unknown}
 t - 2 scrolls of teleportation {unknown}
 v - a scroll of brand weapon {unknown}
 E - a scroll of silence {unknown}
 H - a scroll of fog {unknown}
Potions
 j - 2 potions of curing {unknown}
 k - 3 potions of ambrosia {unknown}
 p - 3 potions of heal wounds {unknown}
 s - a potion of lignification {unknown}
 x - a potion of might {unknown}
 A - a potion of resistance {unknown}
 B - a potion of degeneration {unknown}
 C - a potion of brilliance {unknown}
 F - a potion of haste {unknown}
 G - a potion of berserk rage {unknown}
 I - a potion of mutation {unknown}


   Skills:
 + Level 2.6 Fighting
 + Level 2.6 Short Blades
 + Level 2.6 Long Blades
 + Level 2.6 Axes
 + Level 2.6 Maces & Flails
 + Level 2.6 Polearms
 + Level 2.6 Staves
 + Level 2.6 Ranged Weapons
 + Level 2.6 Throwing
 + Level 2.6 Armour
 + Level 7.1 Dodging
 + Level 2.6 Stealth
 + Level 2.6 Shields
 + Level 2.6 Unarmed Combat
 + Level 9.7 Spellcasting
 + Level 2.1 Conjurations
 + Level 2.1 Hexes
 + Level 2.1 Summonings
 + Level 4.4 Necromancy
 + Level 2.1 Translocations
 + Level 2.1 Transmutations
 + Level 2.1 Fire Magic
 + Level 2.1 Ice Magic
 + Level 2.1 Air Magic
 + Level 2.1 Earth Magic
 + Level 2.1 Poison Magic
 + Level 2.9 Invocations
 + Level 2.6 Evocations


You had 25 spell levels left.
You didn't know any spells.
Your spell library contained the following spells:

 Spells                   Type           Power      Damage    Failure   Level
 Necrotise                Necr           64%        1d7       9%          1
 Sublimation of Blood     Necr           16%        N/A       14%         2
 Freeze                   Ice            64%        1d7       22%         1
 Magic Dart               Conj           44%        1d5       22%         1
 Slow                     Hex            44%        N/A       22%         1
 Vampiric Draining        Necr           16%        2d7       26%         3
 Call Imp                 Summ           22%        N/A       34%         2
 Confusing Touch          Hex            11%        N/A       56%         3
 Mephitic Cloud           Conj/Pois/Air  11%        N/A       56%         3
 Portal Projectile        Hex/Tloc       22%        N/A       56%         3
 Tukima's Dance           Hex            11%        N/A       56%         3
 Blade Hands              Tmut           5%         N/A       99%         5


Dungeon Overview and Level Annotations

Branches:
Dungeon (5/15)
 Temple: D:4-7

Altars:
Gozag
Xom


Innate Abilities, Weirdness & Mutations

You have very sharp teeth.
Your uncanny sense of smell can sniff out nearby items.
Your experience applies equally to all skills.


Message History

Something hits you but does no damage. The orc closely misses you.
The hound bites you but does no damage.
You barely miss the orc wizard.
The orc wizard is severely wounded.
The hound bites you but does no damage. The orc hits you but does no damage.
The orc wizard hits you but does no damage.
The orc hits you but does no damage.
You hear some strange, mumbled words.
A magic dart appears from out of thin air!
The magic dart hits you.
* * * LOW HITPOINT WARNING * * *
The hound closely misses you. The orc closely misses you.
Something hits you but does no damage.
The orc wizard points at you and mumbles some strange words.
The magic dart hits you but does no damage.
The orc barely misses you. The hound attacks as you move away!
The hound barely misses you. Something hits you but does no damage.
The orc attacks as you move away! The orc misses you.
The hound closely misses you. The hound closely misses you.
The orc attacks as you move away! The orc hits you but does no damage.
The hound bites you but does no damage. The orc attacks as you move away!
The orc hits you with a +0 dagger.
* * * LOW HITPOINT WARNING * * *
The hound bites you.
* * * LOW HITPOINT WARNING * * *
The orc yells noisily, as Orcs often do.
The orc wizard mumbles some strange words.
The orc wizard flickers and vanishes!
You thump the hound! You freeze the hound. Your bite misses the hound.
The hound is heavily wounded.
The hound bites you but does no damage. x2
You sock the hound! You freeze the hound.
You kill the hound!
The orc barely misses you.
You hear some strange, mumbled words.
A puff of flame appears from out of thin air!
The puff of flame hits you! The fire burns you terribly!
You die...

##........## ###........##
#.##.#....#....##
##........##.....#
#....##..#.....###
#...##.....##.#####
..##..#.........#...### ####
...#..####......#o{...####...##
...##..#....#...@.....#.......#
....#.......##...#.o..#......##
....#.....######.#..†.........#
.........## ###............#
.........# #.....)......#
.##.....## #.........#.##
.#...##.# ...........# #
....###.# .............. ...##
#.# ...............


You could see 2 orcs.

Vanquished Creatures
  A water moccasin (D:4)
  A black bear (D:5)
  A phantom (D:3)
  4 hounds
  An orc priest (D:5)
  A sleepcap (D:4)
  Crazy Yiuf (D:3)
  2 iguanas
  5 adders
  A worm (D:2)
  3 dart slugs
  5 orcs
  2 ball pythons
  5 bats
  8 endoplasms
  4 giant cockroaches
  8 goblins
  7 hobgoblins
  4 jackals (D:4)
  4 quokkas
  2 frilled lizards
  12 kobolds
  8 rats
90 creatures vanquished.

Notes
Turn   | Place    | Note
-------+----------+-------------------------------------------
     0 | D:1      | Reached skill level 9 in Spellcasting
     0 | D:1      | Kranky the Gnoll Wanderer began the quest for the Orb.
     0 | D:1      | Kranky set off with the following items: a +0 club, a
                  | scroll of blinking, a +0 robe, a +0 helmet; and the
                  | following spells available to memorise: Necrotise,
                  | Sublimation of Blood, Vampiric Draining, Freeze, Tukima's
                  | Dance.
     0 | D:1      | Reached XP level 1. HP: 13/13 MP: 10/10
   144 | D:1      | Reached XP level 2. HP: 19/19 MP: 12/12
   679 | D:1      | Reached XP level 3. HP: 19/25 MP: 13/13
   907 | D:2      | Reached skill level 1 in Invocations
  1025 | D:2      | Found a shimmering altar of Xom.
  1044 | D:2      | Reached skill level 1 in Fighting
  1044 | D:2      | Reached skill level 1 in Short Blades
  1044 | D:2      | Reached skill level 1 in Long Blades
  1044 | D:2      | Reached skill level 1 in Axes
  1044 | D:2      | Reached skill level 1 in Maces & Flails
  1044 | D:2      | Reached skill level 1 in Polearms
  1044 | D:2      | Reached skill level 1 in Staves
  1044 | D:2      | Reached skill level 1 in Ranged Weapons
  1044 | D:2      | Reached skill level 1 in Throwing
  1044 | D:2      | Reached skill level 1 in Armour
  1044 | D:2      | Reached skill level 1 in Stealth
  1044 | D:2      | Reached skill level 1 in Shields
  1044 | D:2      | Reached skill level 1 in Unarmed Combat
  1044 | D:2      | Reached skill level 1 in Evocations
  1339 | D:2      | Reached XP level 4. HP: 32/32 MP: 15/15
  1712 | D:2      | Reached skill level 1 in Conjurations
  1712 | D:2      | Reached skill level 1 in Hexes
  1712 | D:2      | Reached skill level 1 in Summonings
  1712 | D:2      | Reached skill level 1 in Translocations
  1712 | D:2      | Reached skill level 1 in Transmutations
  1712 | D:2      | Reached skill level 1 in Fire Magic
  1712 | D:2      | Reached skill level 1 in Ice Magic
  1712 | D:2      | Reached skill level 1 in Air Magic
  1712 | D:2      | Reached skill level 1 in Earth Magic
  1712 | D:2      | Reached skill level 1 in Poison Magic
  2457 | D:3      | Reached XP level 5. HP: 37/37 MP: 16/16
  2573 | D:3      | Found a runed translucent door.
  2574 | D:3      | Identified the +9 hammer "Poti" {freeze, rCorr}
  2574 | D:3      | Noticed Crazy Yiuf
  2581 | D:3      | Killed Crazy Yiuf
  2639 | D:4      | Noticed a water moccasin
  2725 | D:4      | Noticed a phantom
  2742 | D:3      | Killed a phantom
  2743 | D:3      | Reached XP level 6. HP: 25/44 MP: 16/18
  2983 | D:4      | Killed a water moccasin
  3294 | D:4      | Found an opulent altar of Gozag.
  3326 | D:4      | Reached XP level 7. HP: 45/50 MP: 20/20
  3555 | D:5      | Entered Level 5 of the Dungeon
  3828 | D:5      | Killed from afar by an orc wizard

Illustrated notes

Levels and vault maps discovered:
D:1:      reono_arrival_forest_river, layout_basic, hangedman_decor_growths,
          minmay_tetromino_i4
D:2:      layout_loops_ring, basic_altar, eino_tiny_chamber
D:3:      layout_loops_cross, uniq_crazy_yiuf_cottage
D:4:      layout_cave_pools, grunt_gozag_statues
D:5:      layout_cave_pools

Skill      XL: |  1  2  3  4  5  6  7 |
---------------+----------------------+-----
Spellcasting   | |  9.7
Invocations    | 1 2 |  2.9
Fighting       | 1 2 |  2.6
Short Blades   | 1 2 |  2.6
Long Blades    | 1 2 |  2.6
Axes           | 1 2 |  2.6
Maces & Flails | 1 2 |  2.6
Polearms       | 1 2 |  2.6
Staves         | 1 2 |  2.6
Ranged Weapons | 1 2 |  2.6
Throwing       | 1 2 |  2.6
Armour         | 1 2 |  2.6
Stealth        | 1 2 |  2.6
Shields        | 1 2 |  2.6
Unarmed Combat | 1 2 |  2.6
Evocations     | 1 2 |  2.6
Conjurations   | 1 2 |  2.1
Hexes          | 1 2 |  2.1
Summonings     | 1 2 |  2.1
Translocations | 1 2 |  2.1
Transmutations | 1 2 |  2.1
Fire Magic     | 1 2 |  2.1
Ice Magic      | 1 2 |  2.1
Air Magic      | 1 2 |  2.1
Earth Magic    | 1 2 |  2.1
Poison Magic   | 1 2 |  2.1
Necromancy     | 4 |  4.4
Dodging        | 7 |  7.1

Action                     |  1- 3 |  4- 6 |  7- 9 || total
---------------------------+-------+-------+-------++-------
  Melee: Club              |    16 |       |       ||    16
         Bite              |    18 |    17 |     3 ||    38
         Staff             |    26 |       |       ||    26
         Punch             |     4 |     1 |       ||     5
         Short sword       |   143 |   161 |       ||   304
         Mace              |       |    49 |    40 ||    89
   Stab: Sleeping          |     1 |       |       ||     1
 Armour: Robe              |     7 |       |       ||     7
         Scale mail        |    52 |   102 |    49 ||   203
  Dodge: Dodged            |   115 |   140 |    54 ||   309

Table legend: (Time is in decaauts)
 A = Elapsed time spent in this place.
 B = Non-inter-level travel time spent in this place.
 C = Inter-level travel time spent in this place.
 D = Time resting spent in this place.
 E = Time spent auto-exploring this place.
 F = Levels seen in this place.
 G = Mean time per level.
                   A        B        C        D        E       F      G
               +--------+--------+--------+--------+--------+-----+--------+
         Total |   3860 |   3689 |    171 |    400 |   2435 |   5 |  772.0 |
       Dungeon |   3860 |   3689 |    171 |    400 |   2435 |   5 |  772.0 |
               +--------+--------+--------+--------+--------+-----+--------+

Top non-repeatable levels by time:
     D:3: 1034 daAuts
     D:1: 913 daAuts
     D:2: 844 daAuts
     D:4: 823 daAuts
     D:5: 245 daAuts
